 Dungeon Crawl Stone Soup version 0.22-a0-422-g9628fc8 (webtiles) character file.

2210 Ijustatesigmund the Basher (level 9, -12/80 HPs)
             Began as a Troll Fighter on May 17, 2018.
             Mangled by Tiareth's ghost (20 damage)
             ... on level 7 of the Dungeon.
             The game lasted 00:11:25 (6127 turns).

Ijustatesigmund the Basher (Troll Fighter)          Turns: 6127, Time: 00:11:26

Health: -12/80     AC:  5    Str: 26    XL:     9   Next: 13%
Magic:  17/17      EV: 13    Int:  4    God:
Gold:   291        SH:  0    Dex: 17    Spells: 8/8 levels left

rFire    + . .     SeeInvis .   a - +0 flail
rCold    + . .     Gourm    +   c - +0 shield
rNeg     + . .     Faith    .   b - +0 robe
rPois    .         Spirit   .   (helmet restricted)
rElec    .         Reflect  .   q - scarf {rC+ rF+}
rCorr    .         Harm     .   (gloves unavailable)
MR       .....                  (boots unavailable)
Stlth    ++........             (no amulet)
HPRegen  0.63/turn              r - ring of positive energy
MPRegen  0.15/turn              t - ring of magical power

@: confused, agile
A: large, unfitting armour, claws 3, fast metabolism 3, gourmand, regeneration
1, shaggy fur 1, tough skin 2
a: no special abilities


You were on level 7 of the Dungeon.
You were not hungry.

You visited 2 branches of the dungeon, and saw 8 of its levels.

You collected 291 gold pieces.

Inventory:

Hand Weapons
 a - a +0 flail (weapon)
Missiles
 m - 2 throwing nets (quivered)
Armour
 b - a +0 robe (worn)
 c - a +0 shield (worn)
 q - a scarf of resistance (worn)
Jewellery
 r - a ring of positive energy (left claw)
 t - a ring of magical power (right claw)
Wands
 o - a wand of disintegration (11)
 p - a wand of flame (5)
 s - a wand of iceblast (2)
 u - a wand of clouds (7)
 w - a wand of enslavement (20)
Scrolls
 d - 2 scrolls of remove curse
 g - 5 scrolls of teleportation
 j - a scroll of amnesia
 n - a scroll of fog
 x - a scroll of magic mapping {unknown}
Potions
 e - a potion of lignification
 h - 2 potions of invisibility
 i - a potion of haste {unknown}
 k - a potion of curing {unknown}
 l - 3 potions of agility
Comestibles
 f - 9 rations


   Skills:
 - Level 2.4 Fighting
 + Level 11.1 Maces & Flails
 - Level 2.4 Dodging
 - Level 2.4 Shields


You had 8 spell levels left.
You didn't know any spells.
Your spell library was empty.

Dungeon Overview and Level Annotations

Branches:
Dungeon (7/15)             Temple (1/1) D:6

Altars:
Ashenzari
Cheibriados
Dithmenos
Elyvilon
Fedhas
Gozag
Hepliaklqana
Kikubaaqudgha
Makhleb
Nemelex Xobeh
Okawaru
Qazlal
Ru
Sif Muna
Trog
Vehumet
Wu Jian
Xom
Yredelemnul
Zin
The Shining One

Annotations:
D:7 Tiareth's ghost, novice TrWz


Innate Abilities, Weirdness & Mutations

You are too large for most types of armour.
You have claws for hands.
Your metabolism is lightning-fast.
You like to eat raw meat.
Your natural rate of healing is unusually fast.
You are covered in fur. (AC +1)
You have very tough skin. (AC +2)


Message History

You closely miss Tiareth's ghost.
Tiareth's ghost is heavily damaged.
Tiareth's ghost hits you.
You barely miss Tiareth's ghost.
Tiareth's ghost is heavily damaged.
You feel agile all of a sudden.
Tiareth's ghost points at you and mumbles some strange words.
The magic dart hits you!
You barely miss Tiareth's ghost.
Tiareth's ghost is heavily damaged.
Tiareth's ghost hits you!!
* * * LOW HITPOINT WARNING * * *
You hit Tiareth's ghost.
Tiareth's ghost is heavily damaged.
Tiareth's ghost hits you.
* * * LOW HITPOINT WARNING * * *
It was a potion of ambrosia.
You are confused.
You feel invigorated. Tiareth's ghost hits you!!
You die...

#...........# #
#...........#
#..########..#####
#..####.###..##..##
.......#........#
.....+........#
#..##.####.###
#..#######.###.##
+....)(((@W(......
#....)............
##....#######.###.
###### <# . . ..


You could see Tiareth's ghost.

Vanquished Creatures
  Pikel (D:5)
  Sigmund (D:6)
  Eustachio (D:5)
  An ice beast (D:3)
  3 slaves (D:5)
  A phantom (D:7)
  4 centaurs
  Blork the orc (D:5)
  4 electric eels (D:6)
  A howler monkey (D:5)
  A crimson imp (D:5)
  A bullfrog zombie (D:6)
  A jelly (D:7)
  4 orc priests
  2 hounds
  5 orc wizards
  Ijyb (D:5)
  An iguana (D:6)
  3 worker ants
  2 hound skeletons (D:4)
  3 adders
  4 gnolls (D:5)
  2 oozes
  An adder skeleton (D:4)
  4 worms
  2 dart slugs
  6 leopard geckos
  11 orcs
  A ball python (D:5)
  2 bats
  4 giant cockroaches
  4 goblins
  6 hobgoblins
  4 jackals (D:4)
  A quokka (D:6)
  5 frilled lizards
  8 kobolds
  A quokka zombie (D:5)
  3 rats
  A spectral orc (D:2)
112 creatures vanquished.

Vanquished Creatures (others)
  3 orcs (D:5)
3 creatures vanquished.

Grand Total: 115 creatures vanquished

Notes
Turn   | Place    | Note
-------+----------+-------------------------------------------
     0 | D:1      | Ijustatesigmund the Troll Fighter began the quest for the Orb.
     0 | D:1      | Reached XP level 1. HP: 22/22 MP: 0/0
    83 | D:1      | Reached skill level 2 in Maces & Flails
   186 | D:1      | Reached XP level 2. HP: 17/29 MP: 1/1
   839 | D:2      | Reached skill level 3 in Maces & Flails
   921 | D:2      | Reached XP level 3. HP: 34/36 MP: 2/2
   989 | D:2      | Found an ancient bone altar of Kikubaaqudgha.
  1059 | D:2      | Found a glowing silver altar of Zin.
  1344 | D:2      | Reached XP level 4. HP: 44/44 MP: 3/3
  1361 | D:2      | Found a basalt altar of Yredelemnul.
  1445 | D:3      | Reached skill level 4 in Maces & Flails
  1585 | D:3      | Found a stormy altar of Qazlal.
  1725 | D:3      | Reached XP level 5. HP: 33/50 MP: 4/4
  1737 | D:3      | Reached skill level 5 in Maces & Flails
  2109 | D:3      | Noticed an ice beast
  2126 | D:3      | Killed an ice beast
  2126 | D:3      | Reached XP level 6. HP: 15/59 MP: 5/5
  2379 | D:4      | Reached skill level 6 in Maces & Flails
  2437 | D:4      | Found a bloodstained altar of Trog.
  3142 | D:5      | Entered Level 5 of the Dungeon
  3166 | D:5      | Reached skill level 7 in Maces & Flails
  3195 | D:5      | Found a shimmering altar of Xom.
  3211 | D:5      | Found a deep blue altar of Sif Muna.
  3211 | D:5      | Found a sparkling altar of Nemelex Xobeh.
  3224 | D:5      | Reached XP level 7. HP: 65/66 MP: 6/6
  3307 | D:5      | Noticed Ijyb
  3333 | D:5      | Killed Ijyb
  3382 | D:5      | Found a shadowy altar of Dithmenos.
  3559 | D:5      | Noticed Blork the orc
  3559 | D:5      | Noticed Pikel
  3575 | D:5      | Killed Pikel
  3575 | D:5      | Reached skill level 9 in Maces & Flails
  3575 | D:5      | Reached XP level 8. HP: 67/74 MP: 7/7
  4054 | D:6      | Noticed Sigmund
  4061 | D:6      | Killed Sigmund
  4126 | D:5      | Noticed Eustachio
  4155 | D:5      | Killed Eustachio
  4155 | D:5      | Reached skill level 10 in Maces & Flails
  4315 | D:5      | Found a shattered altar of Ashenzari.
  4505 | D:5      | Killed Blork the orc
  5008 | D:6      | Found a staircase to the Ecumenical Temple.
  5018 | Temple   | Entered the Ecumenical Temple
  5586 | D:6      | Found a snail-covered altar of Cheibriados.
  5930 | D:7      | Reached XP level 9. HP: 27/80 MP: 8/8
  6052 | D:7      | Reached skill level 11 in Maces & Flails
  6099 | D:7      | Noticed Tiareth's ghost (novice TrWz)
  6126 | D:7      | HP: 2/80 [Tiareth's ghost (5)]
  6127 | D:7      | Mangled by Tiareth's ghost

Vault maps used:
D:1:      scummos_arrival_simple_fountains
D:2:      wad_pebble_path, zin_scriptorium, kiku_gazebo_pond_becter,
          yredelemnul_forgotten_temple_becter
D:3:      nicolae_qazlal_general_emergency
D:4:      overflow_temple_1_default, serial_bayou, serial_bayou_shore_b,
          serial_bayou_crossing, serial_bayou_ford_a, serial_bayou_pond_d
D:5:      nicolae_dithmenos_shadow_blocks, grunt_temple_overflow_open,
          basic_altar, first_ration, uniq_ijyb, uniq_eustachio,
          uniq_blork_the_orc, uniq_pikel
D:6:      marbit_many_paths, minmay_temple_entry_grid, serial_bayou,
          serial_bayou_pond_e, serial_bayou_pond_b, serial_bayou_pond_b,
          serial_bayou_shore_b, grunt_decor_mini_mirrors, st_stairs_3,
          uniq_sigmund
D:7:      nrook_mini_vaults, kennysheep_generic_room_7
Temple:   minmay_temple_curvy_loop

Skill      XL: |  1  2  3  4  5  6  7  8  9 |
---------------+----------------------------+-----
Maces & Flails | 2 3 4 5 7 9 10 11 | 11.1
Fighting       | |  2.4
Dodging        | |  2.4
Shields        | |  2.4

Action                   |  1- 3 |  4- 6 |  7- 9 || total
-------------------------+-------+-------+-------++-------
Melee: Flail             |    70 |   215 |   217 ||   502
Evoke: Wand              |       |       |    20 ||    20
  Use: Scroll            |     1 |     6 |     2 ||     9
       Potion            |       |     1 |     2 ||     3
 Stab: Sleeping          |       |     1 |       ||     1
  Eat: Chunk             |    17 |    16 |    14 ||    47
       Ration            |       |       |     3 ||     3
Armor: Robe              |    25 |    65 |    46 ||   136
Dodge: Dodged            |    19 |    76 |    53 ||   148
Block: Shield            |    25 |    73 |    85 ||   183

Table legend:
 A = Spawn XP
 B = Non-spawn XP
 C = Spawn XP percentage of total XP
 D = Spawn monster count
 E = Non-spawn monster count
 F = Spawn count percentage of total count
 G = Total turns spent on level
                    A         B        C        D         E        F      G
               +---------+---------+-------+---------+---------+-------+---------
         Total |       0 |    3158 |   0.0 |       0 |     109 |   0.0 |  6127
               +---------+---------+-------+---------+---------+-------+---------
           D:1 |       0 |      19 |   0.0 |       0 |      12 |   0.0 |   781
           D:2 |       0 |      79 |   0.0 |       0 |      18 |   0.0 |   628
           D:3 |       0 |     303 |   0.0 |       0 |      18 |   0.0 |   949
           D:4 |       0 |     322 |   0.0 |       0 |      21 |   0.0 |   784
           D:5 |       0 |    1372 |   0.0 |       0 |      24 |   0.0 |  1245
           D:6 |       0 |     571 |   0.0 |       0 |      11 |   0.0 |  1347
           D:7 |       0 |     492 |   0.0 |       0 |       5 |   0.0 |   209
               +---------+---------+-------+---------+---------+-------+---------
